 Dungeon Crawl Stone Soup version 0.18.1-6-gd335043 (webtiles) character file.

1484 Moloch the Cleaver (level 8, -1/58 HPs)
             Began as a Demonspawn Fighter on May 15, 2016.
             Was an Initiate of Okawaru.
             Slain by an ogre
             ... wielding a +0 giant club
              (15 damage)
             ... on level 5 of the Dungeon.
             The game lasted 00:12:50 (6299 turns).

Moloch the Cleaver (Demonspawn Fighter)             Turns: 6299, Time: 00:12:51

Health: -1/58      AC: 15    Str: 18    XL:     8   Next: 50%
Magic:  0/8        EV:  4    Int: 10    God:    Okawaru [......]
Gold:   282        SH:  9    Dex: 13    Spells: 0 memorised, 7 levels left

rFire  . . .     SeeInvis .     a - +0 war axe
rCold  + . .     Gourm    .     g - +0 chain mail
rNeg   . . .     Faith    .     c - +0 shield
rPois  .         Spirit   +     (helmet restricted)
rElec  .         Dismiss  .     y - +0 cloak
rCorr  .         Reflect  .     (no gloves)
SustAt .         Harm     .     p - +2 pair of boots
MR     .....                    (no amulet)
Stlth  ..........               (no ring)
                                (no ring)

@: not resistant to hostile enchantments, extremely unstealthy
A: antennae 1, slimy green scales 1, cold resistance 1, magic shield
a: Renounce Religion


You were on level 5 of the Dungeon.
You worshipped Okawaru.
Okawaru was noncommittal.
You were not hungry.

You visited 2 branches of the dungeon, and saw 7 of its levels.

You collected 282 gold pieces.

Inventory:

Hand Weapons
 a - a +0 war axe (weapon)
 F - a +0 morningstar
Armour
 c - a +0 shield (worn)
 g - a +0 chain mail (worn)
 p - a +2 pair of boots (worn)
 y - a +0 cloak (worn)
 D - a +0 scale mail of cold resistance
Jewellery
 E - an uncursed ring of ice
 H - an uncursed amulet of the gourmand {unknown}
Scrolls
 b - 4 scrolls of teleportation
 h - 3 scrolls of enchant armour {unknown}
 j - a scroll of recharging {unknown}
 l - 2 scrolls of amnesia {unknown}
 m - a scroll of random uselessness {unknown}
 o - a scroll of enchant weapon {unknown}
 r - 2 scrolls of fog {unknown}
 t - 2 scrolls of magic mapping {unknown}
 u - a scroll of blinking {unknown}
 w - 5 scrolls of remove curse {unknown}
 G - a scroll of noise {unknown}
Potions
 d - a potion of might
 e - 2 potions of curing
 k - 5 potions of lignification
 q - a potion of flight
 v - a potion of degeneration {unknown}
 x - a potion of magic
 A - 2 potions of berserk rage
 B - a potion of heal wounds {unknown}
 C - 2 potions of mutation {unknown}
 I - a potion of cancellation
Comestibles
 f - 3 bread rations
 i - 4 slices of pizza
 s - a royal jelly
 z - 2 meat rations


   Skills:
 - Level 3.0 Fighting
 + Level 9.9 Axes
 - Level 2.6 Armour
 - Level 2.6 Shields


You had 7 spell levels left.
You didn't know any spells.

Dungeon Overview and Level Annotations

Branches:
Dungeon (6/15)             Temple (1/1) D:5

Altars:
Ashenzari
Cheibriados
Elyvilon
Fedhas
Gozag
Kikubaaqudgha
Makhleb
Nemelex Xobeh
Okawaru
Pakellas
Sif Muna
Trog
Vehumet
Xom
Yredelemnul
Zin

Shops:
D:5 }*==

Annotations:
D:6 Crazy Yiuf


Innate Abilities, Weirdness & Mutations

You have a pair of small antennae on your head.
You are partially covered in slimy green scales (AC +2).
Your flesh is cold resistant.
When hurt, damage is shared between your health and your magic reserves.


Message History

The ogre hits you with a giant club! You block the scorpion's attack.
You climb upwards.
There is a stone staircase leading down here.
The scorpion stings you.
The scorpion stings you but does no damage.
You slash the ogre!
The ogre is moderately wounded.
The ogre hits you with a giant club!
You hit the ogre.
The ogre is heavily wounded.
The ogre hits you with a giant club!
You slash the ogre!
The ogre is almost dead.
The ogre hits you with a giant club.
* * * LOW HITPOINT WARNING * * *
You are too injured to fight recklessly!
You barely miss the ogre.
The ogre is almost dead.
The ogre hits you with a giant club!!
You die...

#+#...........#####.## ###..#
'∩'....#####.........## #..##
#'#..........##.##.#..# ##.##
..#..).......##.##.##.# #..#
....)<................# #.##
#.#..........##..#.#### ###.####
#.#..........###...### #...∩{Oa
...##.##......####...#####.#.####
....#.##.#.#....@Os........#.#
.............#..#####.>......####
...#.##..##..##..## ####.#......#
...#.##.####.###..### #.##.###..
........# #.####...# #..#.# ##.
###.#...# #...####.## ##...#####
#...#..[######)## #..###.......##
..###...........# ##.#...#####.##
..##..#.........####...###.......


You could see an ogre and a scorpion.

Vanquished Creatures
  An ice beast (D:5)
  A sky beast (D:5)
  3 ogres
  2 phantoms
  A gnoll sergeant (D:5)
  A scorpion (D:5)
  A water moccasin skeleton (D:5)
  A centaur zombie (D:5)
  3 crimson imps (D:5)
  2 hounds (D:4)
  An orc priest (D:4)
  2 orc wizards
  2 iguanas
  3 worker ants (D:5)
  A howler monkey zombie (D:5)
  8 gnolls
  10 adders
  An adder zombie (D:5)
  2 adder skeletons
  2 worms
  9 giant geckos
  11 orcs
  8 bats
  7 giant cockroaches
  7 goblins
  8 hobgoblins
  12 jackals
  2 quokkas
  2 ball pythons
  A giant gecko skeleton (D:4)
  3 giant newts
  A jackal zombie (D:6)
  4 kobolds
  7 rats
  2 fungi (D:3)
132 creatures vanquished.

Notes
Turn   | Place    | Note
--------------------------------------------------------------
     0 | D:1      | Moloch the Demonspawn Fighter began the quest for the Orb.
     0 | D:1      | Reached XP level 1. HP: 18/18 MP: 1/1
    24 | D:1      | Reached skill level 2 in Axes
   246 | D:1      | Gained mutation: Your flesh is cold resistant. [demonic ancestry]
   246 | D:1      | Reached XP level 2. HP: 19/24 MP: 2/2
   586 | D:1      | Reached skill level 3 in Axes
   872 | D:2      | Gained mutation: When hurt, damage is shared between your health and your magic reserves. [demonic ancestry]
   872 | D:2      | Reached XP level 3. HP: 25/29 MP: 3/3
   910 | D:2      | Found an oddly glowing altar of Pakellas.
  1731 | D:2      | Reached XP level 4. HP: 34/35 MP: 2/4
  1825 | D:2      | Reached skill level 4 in Axes
  1981 | D:3      | Noticed a phantom
  2358 | D:2      | Killed a phantom
  2358 | D:2      | Reached skill level 5 in Axes
  2358 | D:2      | Gained mutation: You are partially covered in slimy green scales (AC +2). [demonic ancestry]
  2358 | D:2      | Reached XP level 5. HP: 32/41 MP: 2/5
  2911 | D:3      | Found a bloodstained altar of Trog.
  2914 | D:3      | Found a snail-covered altar of Cheibriados.
  2914 | D:3      | Found a deep blue altar of Sif Muna.
  3532 | D:4      | Gained mutation: You have a pair of small antennae on your head. [demonic ancestry]
  3532 | D:4      | Reached XP level 6. HP: 20/47 MP: 3/6
  3759 | D:4      | Reached skill level 6 in Axes
  4270 | D:5      | Entered Level 5 of the Dungeon
  4295 | D:5      | Found Coidiffe's Jewellery Emporium.
  4327 | D:5      | Noticed an ice beast
  4338 | D:5      | Killed an ice beast
  4338 | D:5      | Reached skill level 7 in Axes
  4338 | D:5      | Reached XP level 7. HP: 52/52 MP: 7/7
  4342 | D:5      | Found Rucurir's Jewellery Shoppe.
  4763 | D:5      | Found Hog Fyri's Gadget Boutique.
  4780 | D:5      | Reached skill level 8 in Axes
  4881 | D:5      | HP: 1/52 [iguana (6)]
  5295 | D:5      | Found Saerop's General Store.
  5300 | D:5      | Reached XP level 8. HP: 57/58 MP: 8/8
  5335 | D:5      | Reached skill level 9 in Axes
  5427 | D:5      | Found a staircase to the Ecumenical Temple.
  5544 | Temple   | Entered the Ecumenical Temple
  5567 | Temple   | Became a worshipper of Warmaster Okawaru
  6207 | D:6      | Noticed Crazy Yiuf
  6299 | D:5      | Slain by an ogre

Skill      XL: |  1  2  3  4  5  6  7  8 |
---------------+-------------------------+-----
Axes           | 2 3 5 7 8 9 |  9.9
Fighting       | |  3.0
Armour         | |  2.6
Shields        | |  2.6

Action                   |  1- 3 |  4- 6 |  7- 9 || total
-------------------------+-------+-------+-------++-------
Melee: War axe           |   149 |   224 |   250 ||   623
  Use: Potion            |     1 |       |     2 ||     3
       Scroll            |       |       |     5 ||     5
  Eat: Chunk             |     3 |     9 |     6 ||    18
Armor: Scale mail        |    40 |       |       ||    40
       Chain mail        |    65 |   143 |   108 ||   316
       Skin              |       |       |     9 ||     9
Dodge: Dodged            |    46 |    31 |    28 ||   105
Block: Shield            |    84 |   125 |   116 ||   325
